 Dungeon Crawl Stone Soup version 0.29.1-15-g9cfb28693d (webtiles) character file.

Game seed: 15028242636676142698

1468 H0rd4k the Trooper (level 8, 0/57 HPs)
             Began as an Octopode Artificer on Mar 29, 2023.
             Was an Initiate of Gozag.
             Slain by an ice beast (13 damage)
             ... on level 6 of the Dungeon.
             The game lasted 00:05:22 (7890 turns).

H0rd4k the Trooper (Octopode Artificer)             Turns: 7890, Time: 00:05:23

Health: 0/57       AC:  1    Str: 14    XL:     8   Next: 77%
Magic:  14/14      EV: 13    Int: 13    God:    Gozag
Gold:   354        SH:  0    Dex: 17    Spells: 14/16 levels left

rFire   . . .      SeeInvis .   r - +3 rapier "Velev" {vorpal, rElec Str+3 Int-3 Dex+5}
rCold   . . .      Faith    .   (no shield)
rNeg    + . .      Spirit   .   (helmet restricted)
rPois   .          Reflect  .   (no amulet)
rElec   +          Harm     .   o - ring of flight
rCorr   +          Rampage  .   u - ring of positive energy
Will    .....                   B - ring of resist corrosion
Stlth   +++.......              (no ring)
HPRegen 0.19/turn               (no ring)
MPRegen 0.14/turn               (no ring)
                                (no ring)
                                (no ring)

@: flying
A: almost no armour, amphibious, 8 rings, camouflage 1, gelatinous body 1,
(nimble swimmer 1), tentacles
a: Renounce Religion, Potion Petition, Call Merchant, Bribe Branch


You were on level 6 of the Dungeon.
You worshipped Gozag.
Gozag was aware of your devotion.
You visited 2 branches of the dungeon, and saw 7 of its levels.
You also visited: Ossuary.

You collected 472 gold pieces.
You paid 118 gold pieces to Gozag.

Inventory:

Hand Weapons
 r - the +3 rapier "Velev" (weapon) {vorpal, rElec Str+3 Int-3 Dex+5}
   (You found it on level 3 of the Dungeon)

   It inflicts extra damage upon your enemies.
   Str:       It affects your strength (+3).
   Int:       It affects your intelligence (-3).
   Dex:       It affects your dexterity (+5).
   rElec:     It insulates you from electricity.
Missiles
 k - 2 poisoned darts (quivered)
Jewellery
 o - a ring of flight (left tentacle)
 u - a ring of positive energy (right tentacle)
 B - a ring of resist corrosion (on tentacle)
Wands
 c - a wand of charming (13)
 d - a wand of iceblast (9)
 D - a wand of polymorph (6)
Scrolls
 e - 6 scrolls of identify {unknown}
 j - a scroll of vulnerability {unknown}
 p - 2 scrolls of noise {unknown}
 q - 2 scrolls of blinking {unknown}
 s - 2 scrolls of poison {unknown}
 t - a scroll of fog {unknown}
 v - 2 scrolls of amnesia {unknown}
 y - 2 scrolls of fear {unknown}
 z - 5 scrolls of teleportation {unknown}
 A - 2 scrolls of brand weapon {unknown}
 C - a scroll of immolation {unknown}
 E - a scroll of silence {unknown}
Potions
 a - a potion of flight {unknown}
 b - a potion of berserk rage {unknown}
 f - 4 potions of mutation {unknown}
 g - 4 potions of lignification {unknown}
 h - 5 potions of curing {unknown}
 i - 5 potions of heal wounds {unknown}
 l - a potion of brilliance {unknown}
 m - 3 potions of cancellation {unknown}
 n - a potion of attraction {unknown}
 w - 2 potions of ambrosia {unknown}
 x - 5 potions of might {unknown}


   Skills:
 + Level 5.9 Fighting
 - Level 4.4 Short Blades
 + Level 1.7 Throwing
 - Level 2.3 Dodging
 - Level 1.3 Stealth
 + Level 3.3 Unarmed Combat
 * Level 4.6 Spellcasting
 * Level 2.5 Translocations
 - Level 3.2 Evocations


You had 14 spell levels left.
You knew the following spells:

 Your Spells              Type           Power      Damage    Failure   Level
a - Blink                 Tloc           18%        N/A       11%         2

Your spell library contained the following spells:

 Spells                   Type           Power      Damage    Failure   Level
 Static Discharge         Conj/Air       3%         3-4/arc   30%         2
 Sublimation of Blood     Necr           3%         N/A       30%         2
 Portal Projectile        Hex/Tloc       12%        N/A       34%         3
 Call Canine Familiar     Summ           3%         N/A       52%         3
 Manifold Assault         Tloc           9%         N/A       88%         5
 Cause Fear               Hex            1%         N/A       89%         4
 Leda's Liquefaction      Hex/Erth       1%         N/A       89%         4
 Petrify                  Tmut/Erth      3%         N/A       89%         4
 Irradiate                Conj/Tmut      1%         3d12      99%         5
 Lightning Bolt           Conj/Air       1%         1d12      99%         5
 Dragon Form              Tmut           1%         N/A       100%        7
 Storm Form               Tmut/Air       1%         N/A       100%        7
 Maxwell's Capacitive Co  Air            1%         ∞         100%        8
 Dragon's Call            Summ           1%         N/A       100%        9


Dungeon Overview and Level Annotations

Branches:
Dungeon (6/15)             Temple (1/1) D:5         Ossuary (visited)

Altars:
Ashenzari
Cheibriados
Dithmenos
Elyvilon
Fedhas
Gozag
Hepliaklqana
Nemelex Xobeh
Okawaru
Sif Muna
Uskayaw
Vehumet
Wu Jian
Yredelemnul
The Shining One

Shops:
D:3 *


Innate Abilities, Weirdness & Mutations

You cannot wear most types of armour.
You are amphibious.
You can wear up to eight rings at the same time.
Your skin changes colour to match your surroundings (Stealth+).
Your rubbery body absorbs attacks. (AC +1, EV +1)
((You are camouflaged when in or above water. (Stealth+)))
You have tentacles for arms and can constrict up to eight enemies at once.


Message History

Gozag says: Greed is good.
Press ? for a list of commands and other information.
You reach down and open the door.
The ice beast attacks as you move away! The ice beast barely misses you.
There is an open door here.
You hit the ice beast. You squeeze the ice beast.
The ice beast is moderately wounded.
The ice beast closely misses you.
You hit the ice beast. Your squeeze misses the ice beast.
The ice beast is heavily wounded.
The ice beast barely misses you.
You hit the ice beast. You squeeze the ice beast!
The ice beast is almost dead.
The ice beast hits you. The ice beast freezes you!
You closely miss the ice beast. You tentacle-slap the ice beast.
The ice beast is almost dead.
The ice beast hits you. The ice beast freezes you!
You hit the ice beast but do no damage.
The ice beast is almost dead.
The ice beast closely misses you.
You hit the ice beast but do no damage. Your squeeze misses the ice beast.
The ice beast is almost dead.
The ice beast completely misses you.
You hit the ice beast but do no damage.
The ice beast is almost dead.
The ice beast hits you. The ice beast freezes you.
You hit the ice beast.
The ice beast is almost dead.
The ice beast closely misses you.
You hit the ice beast but do no damage.
The ice beast is almost dead.
The ice beast hits you. The ice beast freezes you!
* * * LOW HITPOINT WARNING * * *
You hit the ice beast but do no damage.
The ice beast is almost dead.
The ice beast hits you.
* * * LOW HITPOINT WARNING * * *
The ice beast freezes you!
You die...
Your body crumbles into a pile of gold.

.# ###.###.....###.###. #. .#
..........#.## # #.# #. .##
###.###.###..##># #.# #. ..##
##+###.# #.#...# #.# ## ...#
##...##.###..#### #.# ## ...#
##.....#......## #.# #. ...#
##.......####...#####.# #.
...####.........###.........####.
......'........>@Y...............
...####.........####...#########.
#..# ##.......## #..#### ## ##.#
##.....## #.....# #.# ##...##
#####.# ##.# ##+## #.# ...# #.#
#.# #### #.# #.# ##.####### #.#


You could see an ice beast.

Vanquished Creatures
  Grinder (D:6)
  Sigmund (D:5)
  A steam dragon (D:6)
  A water moccasin (D:4)
  2 phantoms
  A necrophage (D:6)
  2 scorpions (D:5)
  A centaur zombie (Ossuary)
  2 hounds (D:5)
  3 jellies
  3 human zombies (Ossuary)
  2 iguanas
  An orc wizard (D:5)
  2 mummies (Ossuary)
  7 adders
  An ufetubus (D:5)
  2 adder zombies (Ossuary)
  A worm (D:2)
  A dart slug (D:1)
  6 orcs
  4 bats
  4 endoplasms
  A giant cockroach (D:1)
  A goblin (D:1)
  9 hobgoblins
  2 quokkas
  8 ball pythons
  A frilled lizard (D:1)
  3 goblin zombies (Ossuary)
  10 hobgoblin zombies (Ossuary)
  2 jackal zombies (Ossuary)
  8 kobolds
  9 kobold zombies (Ossuary)
  7 orc zombies (Ossuary)
  3 rats
113 creatures vanquished.

Notes
Turn   | Place    | Note
-------+----------+-------------------------------------------
     0 | D:1      | H0rd4k the Octopode Artificer began the quest for the Orb.
     0 | D:1      | Reached XP level 1. HP: 13/13 MP: 1/1
   356 | D:1      | Reached XP level 2. HP: 18/18 MP: 1/3
   580 | D:1      | Reached skill level 1 in Spellcasting
  1561 | D:2      | Reached skill level 2 in Fighting
  1561 | D:2      | Reached XP level 3. HP: 24/24 MP: 3/5
  1711 | D:2      | Reached skill level 1 in Unarmed Combat
  2555 | D:3      | Reached XP level 4. HP: 24/30 MP: 6/6
  2688 | D:3      | Noticed a phantom
  3145 | D:3      | Found Ocsiom's Assorted Antiques.
  3224 | D:3      | Identified the +3 rapier "Velev" {vorpal, rElec Str+3 Int-3
                  | Dex+5}
  3399 | D:3      | Killed a phantom
  3400 | D:3      | Reached skill level 3 in Fighting
  3400 | D:3      | Reached XP level 5. HP: 19/36 MP: 8/8
  3768 | D:3      | Found a glowing golden altar of the Shining One.
  3768 | D:3      | Found a snail-covered altar of Cheibriados.
  3987 | D:4      | Noticed a water moccasin
  3993 | D:4      | Killed a water moccasin
  3994 | D:4      | Reached XP level 6. HP: 38/42 MP: 8/10
  4261 | D:4      | Found a sand-covered staircase.
  4265 | Ossuary  | Entered an ossuary
  4529 | Ossuary  | Reached skill level 1 in Short Blades
  4778 | Ossuary  | Reached skill level 4 in Fighting
  4778 | Ossuary  | Reached XP level 7. HP: 22/48 MP: 11/11
  5670 | D:5      | Entered Level 5 of the Dungeon
  6000 | D:5      | Noticed Sigmund
  6009 | D:5      | Killed Sigmund
  6109 | D:5      | Reached skill level 1 in Throwing
  6109 | D:5      | Reached XP level 8. HP: 54/54 MP: 13/13
  6194 | D:5      | Noticed a +0 short sword
  6200 | D:5      | Found a hide-covered altar of Uskayaw.
  6200 | D:5      | Noticed a +0 spear
  6200 | D:5      | Noticed a +0 falchion
  6200 | D:5      | Noticed a +0 short sword
  6201 | D:5      | Noticed a +0 falchion
  6202 | D:5      | Noticed a +0 spear
  6202 | D:5      | Noticed a +0 dagger
  6202 | D:5      | Noticed a +0 dagger
  6237 | D:5      | Found a staircase to the Ecumenical Temple.
  6266 | D:5      | Reached skill level 5 in Fighting
  6278 | Temple   | Entered the Ecumenical Temple
  6496 | Temple   | Became a worshipper of Gozag Ym Sagoz the Greedy
  6701 | D:5      | Found a hazy altar of Hepliaklqana.
  6747 | D:5      | Learned a level 2 spell: Blink
  6850 | D:6      | Noticed Grinder
  6857 | D:6      | Killed Grinder
  6858 | D:6      | Reached skill level 1 in Translocations
  7509 | D:6      | Found a sparkling altar of Nemelex Xobeh.
  7890 | D:6      | Slain by an ice beast

Illustrated notes

Levels and vault maps discovered:
D:1:      eino_arrival_cavern_e, layout_basic
D:2:      layout_loops_cross, kennysheep_generic_room_15
D:3:      layout_basic, gammafunk_temple_overflow_statue, serial_shops,
          nicolae_shop_overgrown_old_shop, chequers_serial_rivers_small_3,
          chequers_decorated_corner, corexii_item_surrounded_by_moat,
          kennysheep_big_empty_room, hex_intersection, minmay_quadrilaterals
D:4:      layout_basic, enter_ossuary_5
D:5:      layout_rooms, nicolae_uskayaw_en_pointe,
          nicolae_overflow_crystal_walls, temple_fountains,
          chequers_serial_rivers_room_a, uniq_sigmund
D:6:      layout_loops_corners, nemelex_xobeh_ov_fountains_minmay, uniq_grinder
Temple:   hellmonk_temple_beads

Skill      XL: |  1  2  3  4  5  6  7  8 |
---------------+-------------------------+-----
Spellcasting   | 1 2 3 4 |  4.6
Fighting       | 2 3 4 5 |  5.9
Unarmed Combat | 1 2 3 |  3.3
Short Blades   | 2 4 |  4.4
Throwing       | 1 |  1.7
Translocations | 2 |  2.5
Dodging        | |  2.3
Stealth        | |  1.3
Evocations     | |  3.2

Action                   |  1- 3 |  4- 6 |  7- 9 || total
-------------------------+-------+-------+-------++-------
Melee: Unarmed           |    79 |    24 |       ||   103
       Tentacles         |    25 |    23 |    22 ||    70
       Constrict         |    18 |    30 |    16 ||    64
       Rapier            |       |    83 |    82 ||   165
       Punch             |       |     8 |     3 ||    11
Throw: Dart              |     2 |     3 |     9 ||    14
Evoke: Wand              |       |    17 |     7 ||    24
 Stab: Sleeping          |    15 |     8 |     2 ||    25
Armor: Skin              |     2 |     6 |     1 ||     9
Dodge: Dodged            |    39 |    53 |    52 ||   144
